 Dungeon Crawl Stone Soup version 0.30-a0-782-ge64f9170bb (webtiles) character file.

Game seed: 12775545095528565596

212 Dirtsage the Chopper (level 5, -3/41 HPs)
             Began as a Demonspawn Fighter on Mar 9, 2023.
             Killed from afar by Dowan (10 damage)
             ... with a stone arrow
             ... on level 4 of the Dungeon.
             The game lasted 00:05:42 (2499 turns).

Dirtsage the Chopper (Demonspawn Fighter)           Turns: 2499, Time: 00:05:42

Health: -3/41      AC: 16    Str: 18    XL:     5   Next: 58%
Magic:  5/5        EV: 14    Int:  9    God:
Gold:   110        SH:  4    Dex: 13    Spells: 4/4 levels left

rFire   . . .      SeeInvis .    a - +0 war axe
rCold   . . .      Faith    .    c - +0 buckler
rNeg    . . .      Spirit   .    b - +0 scale mail
rPois   .          Reflect  .    (no helmet)
rElec   .          Harm     .    (no cloak)
rCorr   .          Rampage  .    (no gloves)
Will    .....                    k - +0 pair of boots Stlth
                                 (no amulet)
HPRegen 0.26/turn                h - +5 ring of evasion
MPRegen 0.09/turn                (no ring)

@: sanguine armoured
A: foul stench 1, sanguine armour 2
a: no special abilities


You were on level 4 of the Dungeon.
You visited 1 branch of the dungeon, and saw 4 of its levels.

You collected 110 gold pieces.

Inventory:

Hand Weapons
 a - a +0 war axe (weapon)
Armour
 b - a +0 scale mail (worn)
 c - a +0 buckler (worn)
 g - a +0 plate armour
 k - a +0 pair of boots (worn)
Magical Staves
 n - a staff of air
Jewellery
 h - a +5 ring of evasion (left hand)
Wands
 r - a wand of paralysis (11)
Scrolls
 e - 5 scrolls of identify {unknown}
 j - 2 scrolls of teleportation {unknown}
 l - 2 scrolls of fear {unknown}
 m - 2 scrolls of fog {unknown}
Potions
 f - 4 potions of curing {unknown}
 i - a potion of attraction {unknown}
 o - a potion of ambrosia {unknown}
 p - a potion of degeneration {unknown}
 q - a potion of brilliance {unknown}


   Skills:
 - Level 3.0 Fighting
 + Level 5.4 Axes
 - Level 2.6 Armour
 - Level 2.6 Shields


You had 4 spell levels left.
You didn't know any spells.
Your spell library contained the following spells:

 Spells                   Type           Power      Damage    Failure   Level
 Kiss of Death            Conj/Necr      0%         2d5       86%         1
 Sting                    Tmut/Pois      0%         1d3       86%         1
 Cigotuvi's Dreadful Rot  Necr/Pois/Air  0%         N/A       95%         2
 Lesser Beckoning         Tloc           0%         N/A       95%         2
 Poisonous Vapours        Pois/Air       0%         N/A       95%         2
 Confusing Touch          Hex            0%         N/A       99%         3
 Gell's Gravitas          Tloc           0%         N/A       99%         3
 Mephitic Cloud           Conj/Pois/Air  0%         N/A       99%         3
 Teleport Other           Tloc           0%         N/A       99%         3
 Dispel Undead            Necr           0%         3d6       100%        4
 Olgreb's Toxic Radiance  Pois           0%         N/A       100%        4


Dungeon Overview and Level Annotations

Branches:
Dungeon (4/15)
 Temple: D:4-7

Altars:
Cheibriados
Makhleb
Ru

Annotations:
D:4 Dowan


Innate Abilities, Weirdness & Mutations

You may rarely emit foul miasma when damaged in melee.
When seriously injured, your blood forms thick armour. (AC +9)


Message History

The stone arrow misses you.
You take 14 damage, and have 27/41 hp.
MASSIVE DAMAGE!!
You are too injured to fight recklessly!
You are too injured to fight recklessly!
Dowan hits you with a +0 dagger.
Dowan breathes, "And she was my only..."
Dowan points at you and mumbles some strange words.
You block the stone arrow.
You take 5 damage, and have 22/41 hp.
You closely miss Dowan. Dowan hits you with a +0 dagger.
You block Dowan's attack.
You take 3 damage, and have 19/41 hp.
You slash Dowan!
Dowan is heavily wounded.
Dowan points at you and mumbles some strange words.
The shard of ice misses you.
You closely miss Dowan.
Dowan is heavily wounded.
You block Dowan's attack. Dowan closely misses you.
You closely miss Dowan.
Dowan is heavily wounded.
Dowan closely misses you. Dowan hits you but does no damage.
You closely miss Dowan.
Dowan is heavily wounded.
Dowan closely misses you. You block Dowan's attack.
You barely miss Dowan.
Dowan is heavily wounded.
You block Dowan's attack.
Dowan shakes with grief.
Dowan points at you and mumbles some strange words.
The shard of ice hits you!
* * * LOW HITPOINT WARNING * * *
You take 13 damage, and have 7/41 hp.
MASSIVE DAMAGE!!
You hit Dowan but do no damage.
Dowan is heavily wounded.
Dowan points at you and mumbles some strange words.
You block the stone arrow. Dowan casts a spell at you.
The stone arrow hits you!
You die...

# #.# ##### #.# ..##
#.# ##...#....
#...###.###.........
###
................#
...
................#
#.##.###...........#
.... #.<...........#
.
#.####..##.#########
... #.e@....##.#
#...###.####.###.#
#.....†.# #.# #.#
...>....## #.# #.#
........# #.# .#
...>....# #.#
!........ #.#
##...###. ..# #... .


You could see Dowan (fast).

Vanquished Creatures
  Duvessa (D:4)
  3 adders (D:3)
  3 worms (D:2)
  2 dart slugs (D:3)
  5 orcs (D:3)
  4 ball pythons
  5 bats
  8 endoplasms
  4 giant cockroaches
  5 goblins
  6 hobgoblins
  2 jackals (D:4)
  5 quokkas
  2 frilled lizards
  4 kobolds
  4 rats (D:1)
63 creatures vanquished.

Vanquished Creatures (others)
  A demonic plant (D:1)
  2 withered plants (D:1)
3 creatures vanquished.

Grand Total: 66 creatures vanquished

Notes
Turn   | Place    | Note
-------+----------+-------------------------------------------
     0 | D:1      | Dirtsage the Demonspawn Fighter began the quest for the
                  | Orb.
     0 | D:1      | Reached XP level 1. HP: 18/18 MP: 1/1
    89 | D:1      | Reached skill level 2 in Axes
   390 | D:1      | Gained mutation: You may rarely emit foul miasma when
                  | damaged in melee. [demonic ancestry]
   390 | D:1      | Reached XP level 2. HP: 24/24 MP: 2/2
   483 | D:1      | Found a faded altar of an unknown god.
   751 | D:1      | Reached skill level 3 in Axes
   968 | D:2      | You fall into a shaft and drop 1 floor!
  1033 | D:3      | Gained mutation: When seriously injured, your blood forms
                  | armour. (AC +9) [demonic ancestry]
  1033 | D:3      | Reached XP level 3. HP: 29/29 MP: 3/3
  1033 | D:3      | Found a snail-covered altar of Cheibriados.
  1246 | D:3      | Found a sacrificial altar of Ru.
  1455 | D:2      | Gained mutation: When seriously injured, your blood forms
                  | thick armour. (AC +9) [demonic ancestry]
  1455 | D:2      | Reached XP level 4. HP: 32/35 MP: 4/4
  1471 | D:2      | Reached skill level 4 in Axes
  2190 | D:3      | Found a burning altar of Makhleb.
  2190 | D:3      | Noticed a green death
  2334 | D:4      | Noticed Duvessa
  2335 | D:4      | Noticed Dowan
  2351 | D:4      | Killed Duvessa
  2352 | D:4      | Reached skill level 5 in Axes
  2352 | D:4      | Reached XP level 5. HP: 5/41 MP: 5/5
  2499 | D:4      | Killed from afar by Dowan

Illustrated notes

Levels and vault maps discovered:
D:1:      mainiacjoe_arrival_reflecting_pool, layout_loops_corners,
          shapermc_ecumenical_altar_gd
D:2:      layout_basic
D:3:      layout_rooms, kennysheep_slug_shrine, nicolae_ru_path_of_blood,
          makhleb_altar_promises_db
D:4:      layout_loops_ring, minmay_temple_entry_large_hall, minmay_liquid_box,
          uniq_crazy_yiuf_cottage, uniq_blork_the_orc, uniq_duvessa

Skill      XL: |  1  2  3  4 |
---------------+-------------+-----
Axes           | 2 3 5 |  5.4
Fighting       | |  3.0
Armour         | |  2.6
Shields        | |  2.6

Action                     |  1- 3 |  4- 6 || total
---------------------------+-------+-------++-------
  Melee: War axe           |    83 |   104 ||   187
    Use: Potion            |       |     1 ||     1
 Armour: Scale mail        |    38 |    35 ||    73
  Dodge: Dodged            |    35 |    69 ||   104
  Block: Buckler           |    25 |    30 ||    55

Table legend: (Time is in decaauts)
 A = Elapsed time spent in this place.
 B = Non-inter-level travel time spent in this place.
 C = Inter-level travel time spent in this place.
 D = Time resting spent in this place.
 E = Time spent auto-exploring this place.
 F = Levels seen in this place.
 G = Mean time per level.
                   A        B        C        D        E       F      G
               +--------+--------+--------+--------+--------+-----+--------+
         Total |   2565 |   2495 |     70 |    129 |   1892 |   4 |  641.2 |
       Dungeon |   2565 |   2495 |     70 |    129 |   1892 |   4 |  641.2 |
               +--------+--------+--------+--------+--------+-----+--------+

Top non-repeatable levels by time:
     D:1: 982 daAuts
     D:2: 792 daAuts
     D:3: 723 daAuts
     D:4: 66 daAuts
